 Dungeon Crawl Stone Soup version 0.31-a0-222-gefeffbb62a (webtiles) character file.

Game seed: 2735899905377844838

137 greasedhog the Trooper (level 5, -5/57 HPs)
             Began as an Ogre Fighter on July 6, 2023.
             Slain by a goblin
             ... wielding a +0 club
             ... led by Robin
              (6 damage)
             ... on level 3 of the Dungeon.
             The game lasted 00:02:26 (2327 turns).

greasedhog the Trooper (Ogre Fighter)               Turns: 2327, Time: 00:02:27

Health: -5/57      AC:  3    Str: 22    XL:     5   Next: 20%
Magic:  5/5        EV:  8    Int:  9    God:
Gold:   76         SH:  7    Dex:  8    Spells: 4/4 levels left

rFire   . . .        a - +0 flail
rCold   . . .        c - +0 kite shield
rNeg    . . .        b - +0 robe
rPois   .            (helmet restricted)
rElec   .            (no cloak)
rCorr   .            (gloves unavailable)
SInv    .            (boots unavailable)
Will    .....        (no amulet)
Stlth   +            (no ring)
HPRegen 0.29/turn    (no ring)
MPRegen 0.09/turn

%: no passive effects
@: mighty
A: large, unfitting armour, tough skin 1
a: no special abilities


You were on level 3 of the Dungeon.
You visited 1 branch of the dungeon, and saw 3 of its levels.

You collected 76 gold pieces.

Inventory:

Hand Weapons
 a - a +0 flail (weapon)
Armour
 b - a +0 robe (worn)
 c - a +0 kite shield (worn)
Scrolls
 e - a scroll of silence
 f - a scroll of amnesia
 m - a scroll of identify
Potions
 g - a potion of berserk rage {unknown}
 h - a potion of haste {unknown}
 i - 2 potions of curing {unknown}
 j - a potion of brilliance {unknown}
 k - a potion of ambrosia {unknown}


   Skills:
 + Level 5.4 Fighting
 * Level 4.0 Maces & Flails
 - Level 2.6 Dodging
 - Level 3.0 Shields


You had 4 spell levels left.
You didn't know any spells.
Your spell library was empty.

Dungeon Overview and Level Annotations

Branches:
Dungeon (3/15)

Altars:
Wu Jian
The Shining One

Shops:
D:1 *

Annotations:
D:3 Ijyb, Natasha, Robin


Innate Abilities, Weirdness & Mutations

You are too large for most types of armour.
You have tough skin. (AC +1)


Message History

As you read the scroll labelled MUTAV LEKOSSEXTOISS, it crumbles to dust.
You hear a loud clanging noise!
It was a scroll of noise.
You hear a shout! x3
The hobgoblin closely misses you. You block the hobgoblin's attack.
The cerulean imp completely misses you.
Natasha casts a spell.
Robin throws the goblin at you! You block the goblin's attack.
You block the hobgoblin's attack. The hobgoblin barely misses you.
The hobgoblin hits you.
The cerulean imp hits you but does no damage.
You feel very mighty all of a sudden. You block the quokka's attack.
Robin zaps a wand.
The puff of flame hits you.
* * * LOW HITPOINT WARNING * * *
The hobgoblin barely misses you. You block the goblin's attack.
The hobgoblin hits you.
* * * LOW HITPOINT WARNING * * *
The hobgoblin closely misses you. The cerulean imp barely misses you.
The quokka bites you.
* * * LOW HITPOINT WARNING * * *
An orc comes into view. It is wielding a +0 flail.
Robin throws the goblin at you! The goblin hits you but does no damage.
The cerulean imp misses you. The goblin hits you with a +0 dagger.
* * * LOW HITPOINT WARNING * * *
You block the hobgoblin's attack. You block the goblin's attack.
The quokka bites you.
* * * LOW HITPOINT WARNING * * *
You barely miss the hobgoblin.
You feel yourself speed up. The quokka barely misses you.
The cerulean imp hits you from afar with a +1 spear.
* * * LOW HITPOINT WARNING * * *
The hobgoblin hits you.
* * * LOW HITPOINT WARNING * * *
The goblin hits you with a +0 dagger.
* * * LOW HITPOINT WARNING * * *
Ijyb the Twisted Goblin comes into view.
She is wielding a +0 dagger, wearing a +1 leather armour of fire resistance and carrying a wand of iceblast (3).
You block the hobgoblin's attack. The hobgoblin barely misses you.
The goblin hits you with a +0 club.
You die...

##..# ..#.. ##...# ...####g
##..#.##......... ..#
#...........>.#.# #g#
..###.....#.....# #.#
.######...#.....# #.#
.....#....#<....# #.#
####.#....#...og###'#####.#
####.#.)..#....g@rg........
#....##...#....ggg...#..
#.#####.........55...#
........#.##.........#
#.###..<...#.........# #.#
#...............## ..#
#.....≈≈≈≈≈§§≈≈.#
#######'#.≈...§§h§≈.#
...)....#.≈.≈≈≈≈§.≈.#


You could see Ijyb, Robin, Natasha, 2 cerulean imps, an orc, a quokka, 3
hobgoblins and 2 goblins.

Vanquished Creatures
  Natasha (twice) (D:3)
  4 adders
  A dart slug (D:2)
  4 ball pythons
  7 bats
  9 endoplasms
  2 giant cockroaches
  2 hobgoblins (D:2)
  4 kobolds
  3 quokkas
  4 frilled lizards
  6 goblins
  3 rats
51 creatures vanquished.

Notes
Turn   | Place    | Note
-------+----------+-------------------------------------------
     0 | D:1      | greasedhog the Ogre Fighter began the quest for the Orb.
     0 | D:1      | Reached XP level 1. HP: 24/24 MP: 1/1
   355 | D:1      | Reached XP level 2. HP: 27/32 MP: 2/2
   479 | D:1      | Found Xorohic's General Store.
   737 | D:2      | Reached XP level 3. HP: 28/40 MP: 3/3
   932 | D:2      | Reached XP level 4. HP: 44/49 MP: 4/4
  1191 | D:2      | Found an ornate altar of the Wu Jian Council.
  1251 | D:2      | Reached skill level 5 in Fighting
  1635 | D:3      | Noticed Natasha
  1643 | D:3      | Killed Natasha
  1824 | D:3      | Noticed Natasha
  1833 | D:3      | Killed Natasha
  1834 | D:3      | Reached XP level 5. HP: 11/57 MP: 5/5
  1835 | D:3      | Found a glowing golden altar of the Shining One.
  2048 | D:3      | Noticed Natasha
  2318 | D:3      | Noticed Robin
  2327 | D:3      | HP: 1/57 [goblin/+0 dagger[Robin] (2)]
  2327 | D:3      | Noticed Ijyb
  2327 | D:3      | Slain by a goblin

Illustrated notes

Levels and vault maps discovered:
D:1:      dpeg_cavernosity, layout_basic, serial_shops, nicolae_square_shop,
          columned_hall_lemuel
D:2:      layout_basic, basic_altar, kennysheep_generic_room_14
D:3:      layout_basic, nemelex_diamond_rough_becter,
          mainiacjoe_overflow_concentric_impassable, nicolae_ru_path_of_blood,
          ebering_ecumenical_altar_abandoned, uniq_ijyb, uniq_natasha,
          uniq_robin

Skill      XL: |  1  2  3  4 |
---------------+-------------+-----
Maces & Flails | 2 3 4 |  4.0
Fighting       | 5 |  5.4
Dodging        | |  2.6
Shields        | |  3.0

Action                     |  1- 3 |  4- 6 || total
---------------------------+-------+-------++-------
  Melee: Flail             |    99 |    68 ||   167
    Use: Scroll            |       |     3 ||     3
         Potion            |       |     1 ||     1
   Stab: Sleeping          |     4 |       ||     4
 Armour: Robe              |    57 |    24 ||    81
  Dodge: Dodged            |    51 |    42 ||    93
  Block: Kite shield       |    48 |    25 ||    73

Table legend: (Time is in decaauts)
 A = Elapsed time spent in this place.
 B = Non-inter-level travel time spent in this place.
 C = Inter-level travel time spent in this place.
 D = Time resting spent in this place.
 E = Time spent auto-exploring this place.
 F = Levels seen in this place.
 G = Mean time per level.
                   A        B        C        D        E       F      G
               +--------+--------+--------+--------+--------+-----+--------+
         Total |   2399 |   2377 |     22 |    396 |   1526 |   3 |  799.7 |
       Dungeon |   2399 |   2377 |     22 |    396 |   1526 |   3 |  799.7 |
               +--------+--------+--------+--------+--------+-----+--------+

Top non-repeatable levels by time:
     D:2: 1011 daAuts
     D:1: 743 daAuts
     D:3: 644 daAuts
